Map: 세룰리안 폴 - 래더

Players

Dear

  • Race: Protoss Protoss
  • Spawn Location: 1:00

lllllllllll (sOs) - Winner!

  • Race: Protoss Protoss
  • League: Master
  • Spawn Location: 7:00

Event: IEM Season 13 - Katowice Server Qualifiers Asia 2

VOD

Have the link to the VOD?

Description

Time

  • Played on: Jan. 22, 2019, 4:48 a.m.
  • Length: 9:54

All games in this series

Show
View Real Time Build Order
Export as new Build Order

Dear Protoss 

Build Orders: Phoenix Opening, Zealot Archon 

Get SALT Encoding   

  12  0:00  Probe  
  13  0:12  Probe  
  14  0:18  Pylon  
  14  0:24  Probe  
  15  0:33  Probe  
  15  0:38  Gateway  
  15  0:41  Probe  
  16  0:46  Assimilator  
  17  0:51  Probe  
  17  0:55  Assimilator  
  18  1:00  Probe  
  19  1:08  Gateway, Probe  
  19  1:17  Probe  
  20  1:25  Cybernetics Core  
  21  1:29  Probe  
  22  1:35  Pylon  
  22  1:41  Probe, Warp Gate  
  23  1:53  Probe  
  24  2:02  Stalker  
  24  2:04  Sentry  
  28  2:10  Pylon  
  28  2:22  Pylon  
  28  2:32  Stalker x2  
  32  2:39  Phoenix  
  32  2:44  Gateway  
  32  3:01  Stalker  
  32  3:02  Stalker  
  36  3:11  Shield Battery  
  36  3:25  Nexus  
  36  3:35  Pylon  
  36  3:40  Probe  
  37  3:52  Probe  
  37  3:53  Robotics Facility  
  37  3:55  Adept x2  
  40  3:59  Sentry  
  44  4:05  Pylon  
  44  4:08  Probe  
  45  4:18  Probe  
  46  4:26  Probe  
  46  4:27  Forge  
  47  4:34  Probe  
  47  4:38  Probe  
  47  4:42  Observer  
  47  4:45  Adept  
  50  4:46  Probe  
  50  4:50  Probe, Protoss Ground Weapons Level 1  
  52  4:58  Probe  
  51  5:01  Warp Prism  
  51  5:02  Probe  
  52  5:10  Probe  
  52  5:13  Probe  
  55  5:17  Adept  
  55  5:18  Adept  
  55  5:21  Probe  
  60  5:22  Probe  
  60  5:24  Assimilator  
  60  5:26  Pylon  
  62  5:29  Probe  
  62  5:30  Assimilator  
  62  5:34  Probe  
  64  5:44  Probe  
  64  5:46  Probe  
  70  5:50  Pylon  
  70  5:56  Stalker x2  
  70  6:08  Probe x2, Immortal  
  76  6:15  Pylon  
  76  6:17  Twilight Council  
  76  6:20  Protoss Ground Weapons Level 2  
  76  6:29  Gateway, Probe x2  
  76  6:31  Gateway  
  75  6:44  Probe  
  76  6:49  Gateway  
  76  6:50  Immortal  
  76  6:51  Gateway  
  80  6:57  Templar Archives  
  80  7:01  Charge  
  80  7:03  Probe  
  81  7:11  Gateway  
  81  7:16  Pylon  
  81  7:17  Pylon  
  81  7:29  Warp Prism  
  83  7:37  High Templar x4  
  83  7:41  Archon x2  
  91  7:46  Zealot x3  
  91  7:49  Pylon  
  97  8:00  Pylon  
  97  8:09  Zealot x5  
  97  8:12  High Templar  
  109  8:15  Pylon  
  109  8:16  Pylon  
  109  8:18  High Templar  
  111  8:20  Zealot  
  111  8:23  Archon  
  109  8:32  Pylon  
  105  8:34  Zealot x3  
  105  8:35  Zealot  
  107  8:48  High Templar x2  
  111  8:51  Pylon  
  111  8:52  Archon  
  111  8:56  High Templar x2  
  115  9:05  Zealot x3  
  115  9:08  Archon  
  117  9:20  High Templar, Zealot  
  117  9:21  High Templar  
  123  9:24  Archon  
  123  9:29  Zealot x5  
  133  9:33  Pylon  
Show
View Real Time Build Order
Export as new Build Order

lllllllllll Protoss - Winner!

Build Orders: Zealot Archon 

Get SALT Encoding   

  12  0:00  Probe  
  13  0:12  Probe  
  14  0:17  Pylon  
  14  0:24  Probe  
  15  0:32  Probe  
  15  0:37  Gateway  
  15  0:40  Probe  
  16  0:47  Assimilator  
  17  0:50  Probe  
  17  0:55  Assimilator  
  18  0:58  Probe  
  19  1:06  Probe  
  20  1:15  Gateway  
  20  1:17  Probe  
  21  1:25  Cybernetics Core  
  21  1:29  Probe  
  22  1:34  Pylon  
  22  1:41  Probe  
  23  1:53  Probe, Warp Gate  
  24  2:02  Sentry, Stalker  
  28  2:10  Pylon  
  28  2:26  Probe  
  28  2:29  Sentry  
  31  2:38  Probe  
  31  2:40  Nexus  
  31  2:43  Sentry  
  33  2:46  Probe  
  34  2:54  Probe  
  35  3:06  Probe  
  35  3:10  Pylon  
  35  3:11  Pylon  
  36  3:18  Probe  
  37  3:30  Probe  
  37  3:32  Shield Battery  
  38  3:35  Robotics Facility  
  38  3:38  Shield Battery  
  38  3:42  Probe  
  39  3:55  Forge  
  39  3:58  Probe  
  39  4:00  Probe  
  39  4:02  Stalker  
  43  4:05  Stalker  
  45  4:11  Probe  
  45  4:12  Probe  
  45  4:16  Protoss Ground Weapons Level 1, Pylon  
  47  4:23  Observer  
  48  4:25  Probe x2  
  50  4:33  Shield Battery  
  50  4:35  Adept x2  
  54  4:43  Probe x2  
  54  4:44  Warp Prism  
  58  4:49  Twilight Council  
  58  5:00  Probe x2  
  58  5:06  Pylon  
  60  5:12  Probe  
  60  5:13  Probe  
  62  5:16  Assimilator  
  62  5:17  Assimilator, Pylon  
  62  5:24  Immortal  
  62  5:25  Probe x2  
  62  5:28  Pylon  
  68  5:40  Protoss Ground Weapons Level 2  
  49  5:42  Charge  
  70  5:45  Gateway  
  70  5:46  Gateway  
  70  5:48  Gateway  
  68  5:51  Gateway  
  68  5:54  Gateway  
  68  6:00  Photon Cannon  
  68  6:05  Immortal  
  68  6:08  Photon Cannon  
  72  6:21  Zealot x2  
  76  6:43  Templar Archives  
  76  6:46  Immortal  
  80  6:52  Pylon  
  80  6:58  Nexus, Pylon  
  80  7:20  High Templar x4  
  80  7:21  Zealot x3  
  94  7:24  Archon x2, Pylon  
  94  7:29  Probe x2  
  96  7:33  Pylon  
  96  7:34  Observer  
  96  7:42  High Templar  
  96  7:43  High Templar, Zealot  
  102  7:45  Gateway  
  102  7:46  Probe x2  
  102  7:47  Archon  
  104  7:51  Pylon  
  104  7:53  Zealot  
  104  7:54  Zealot x3  
  110  8:17  High Templar  
  110  8:18  High Templar, Zealot x5  
  124  8:26  Pylon  
  124  8:39  Probe  
  124  8:40  Probe  
  126  8:45  Archon  
  126  8:46  High Templar x2, Zealot  
  126  8:47  Zealot x2  
  136  8:53  Archon, Photon Cannon  
  136  8:55  Zealot x3  
  141  8:56  Probe  
  139  9:08  Probe  
  138  9:13  High Templar x2, Zealot  
  138  9:16  Zealot x2, Pylon  
  148  9:18  Pylon  
  148  9:19  Archon  
  148  9:27  Pylon  
  148  9:38  Zealot x6  
  113  9:54  Zealot x2  

Tags
 
Add a new tag
Caveats
  • Supply blocks, unpowered buildings, or Contaminate may cause inaccurate times.
  • Supply counts are checked every 10 seconds.